 Dungeon Crawl Stone Soup version 0.29-a0-1006-g0dd7720b37 (webtiles) character file.

Game seed: 8618298843969001448

128 gelatine the Chopper (level 4, 0/32 (34) HPs)
             Began as a Demonspawn Gladiator on Aug 6, 2022.
             Slain by a necrophage (2 damage)
             ... on level 4 of the Dungeon.
             The game lasted 00:07:42 (3196 turns).

gelatine the Chopper (Demonspawn Gladiator)         Turns: 3196, Time: 00:07:42

HP:   0/32 (34)     AC:  4    Str: 16    XL:     4   Next: 87%
MP:   4/4           EV: 15    Int: 10    God:
Gold: 161           SH:  0    Dex: 14    Spells: 2/3 levels left

rFire   . . .      SeeInvis .   a - +0 war axe
rCold   . . .      Faith    .   (no shield)
rNeg    . . .      Spirit   .   b - +0 leather armour
rPois   .          Reflect  .   (helmet restricted)
rElec   .          Harm     .   (no cloak)
rCorr   .          Rampage  .   (no gloves)
Will    .....                   c - +0 pair of boots
Stlth   +.........              n - amulet of regeneration
HPRegen 0.90/turn               (no ring)
MPRegen 0.09/turn               (no ring)

@: about to teleport, drained
A: horns 1, repulsion field 2
a: no special abilities


You were on level 4 of the Dungeon.
You visited 1 branch of the dungeon, and saw 4 of its levels.

You collected 161 gold pieces.

Inventory:

Hand Weapons
 a - a +0 war axe (weapon)
Missiles
 d - a throwing net (quivered)
 e - a javelin
 m - 9 poisoned darts
Armour
 b - a +0 leather armour (worn)
 c - a +0 pair of boots (worn)
 y - a +0 chain mail
Magical Staves
 o - a staff of cold
Jewellery
 n - an amulet of regeneration (around neck)
 v - an amulet of reflection
Scrolls
 h - a scroll of teleportation
 k - a scroll of enchant weapon {unknown}
 q - a scroll of amnesia {unknown}
 s - a scroll of poison {unknown}
 t - a scroll of immolation {unknown}
 u - a scroll of torment {unknown}
 x - a scroll of brand weapon {unknown}
Potions
 f - a potion of curing
 g - a potion of mutation
 i - 2 potions of haste
 j - 2 potions of might {unknown}
 l - a potion of brilliance
 p - a potion of berserk rage
 r - a potion of heal wounds {unknown}
 w - a potion of resistance {unknown}


   Skills:
 + Level 2.4 Fighting
 + Level 4.1 Axes
 + Level 1.9 Throwing
 + Level 1.0 Armour
 + Level 3.5 Dodging


You had 2 spell levels left.
You knew the following spells:

 Your Spells              Type           Power      Damage    Failure   Level
a - Apportation           Tloc           0%         N/A       43%         1

Your spell library contained the following spells:

 Spells                   Type           Power      Damage    Failure   Level
 Sandblast                Erth           0%         2d4       43%         1
 Passwall                 Tmut/Erth      0%         N/A       56%         2
 Portal Projectile        Hex/Tloc       0%         N/A       80%         3
 Stone Arrow              Conj/Erth      0%         3d7       80%         3
 Tukima's Dance           Hex            0%         N/A       80%         3
 Alistair's Intoxication  Tmut/Pois      0%         N/A       100%        5
 Blade Hands              Tmut           0%         N/A       100%        5


Dungeon Overview and Level Annotations

Branches:
Dungeon (4/15)
 Temple: D:4-7

Altars:
Okawaru


Innate Abilities, Weirdness & Mutations

You have a pair of small horns on your head.
You are surrounded by a moderate repulsion field. (EV +3)


Message History

You closely miss the iguana.
You headbutt the iguana, but do no damage.
Your punch misses the iguana.
The iguana is heavily wounded.
The iguana bites you!
You hit the iguana.
The iguana is severely wounded.
The iguana barely misses you.
You closely miss the iguana.
The iguana is severely wounded.
You hit the necrophage. The necrophage completely misses you.
The iguana closely misses you. x2; The necrophage closely misses you.
You hit the iguana. You headbutt the iguana.
The iguana is almost dead.
You closely miss the necrophage. The iguana bites you. The necrophage hits you.
You feel drained.
You barely miss the iguana.
The iguana is almost dead.
You barely miss the necrophage. The iguana misses you. The necrophage hits you.
You feel drained.
You barely miss the iguana.
The iguana is almost dead.
You closely miss the necrophage. The iguana bites you.
The necrophage misses you. The necrophage hits you.
* * * LOW HITPOINT WARNING * * *
The iguana misses you.
The necrophage attacks as you move away!
The necrophage misses you.
Okay, then.
As you read the scroll labelled IGORISM ELEPN, it crumbles to dust.
You feel strangely unstable.
It was a scroll of teleportation.
The iguana bites you.
* * * LOW HITPOINT WARNING * * *
The necrophage hits you.
* * * LOW HITPOINT WARNING * * *
Okay, then.
Unknown command.
The necrophage attacks as you move away!
The necrophage hits you.
You die...

.####...........
.................
..#.............
..............#
.......".....# ..#
.............# ..#
.......l....# ..## #
.......n@..####.#.##
.
#......###...#.......
. .......
####....#.... .......
#............ .......
####..###### #......
#....#####... .
#..[... #.##.<.(..# .
###..## #. #####.....
. .. .## .


You could see a necrophage and an iguana.

Vanquished Creatures
  4 gnolls
  2 adders
  A worm (D:3)
  3 dart slugs
  An orc (D:3)
  5 ball pythons
  7 endoplasms
  3 giant cockroaches
  5 goblins
  4 hobgoblins
  2 jackals (D:2)
  3 quokkas (D:1)
  2 bats
  13 frilled lizards
  4 kobolds
  4 rats
63 creatures vanquished.

Vanquished Creatures (others)
  6 plants (D:1)
6 creatures vanquished.

Grand Total: 69 creatures vanquished

Notes
Turn   | Place    | Note
-------+----------+-------------------------------------------
     0 | D:1      | gelatine the Demonspawn Gladiator began the quest for the
                  | Orb.
     0 | D:1      | Reached XP level 1. HP: 16/16 MP: 1/1
   440 | D:1      | Reached skill level 3 in Axes
   444 | D:1      | Gained mutation: You are surrounded by a mild repulsion
                  | field. (EV +2) [demonic ancestry]
   444 | D:1      | Reached XP level 2. HP: 16/22 MP: 2/2
   701 | D:1      | Found a faded altar of an unknown god.
  1035 | D:1      | Gained mutation: You have a pair of small horns on your
                  | head. [demonic ancestry]
  1035 | D:1      | Reached XP level 3. HP: 27/27 MP: 3/3
  1518 | D:1      | Gained mutation: You are surrounded by a moderate repulsion
                  | field. (EV +3) [demonic ancestry]
  1518 | D:1      | Reached XP level 4. HP: 14/33 MP: 4/4
  1596 | D:2      | Found an iron altar of Okawaru.
  2291 | D:3      | Reached skill level 4 in Axes
  2749 | D:3      | Learned a level 1 spell: Apportation
  2756 | D:3      | Reached skill level 1 in Armour
  3118 | D:4      | Noticed an ogre
  3185 | D:4      | Noticed a necrophage
  3196 | D:4      | Slain by a necrophage

Illustrated notes

Levels and vault maps discovered:
D:1:      sevenhm_arrival_forest_fort_large_2, layout_basic,
          ebering_ecumenical_altar_abandoned, chequers_jeans,
          minmay_misc_feat_pillars, minmay_lizard_king
D:2:      layout_loops_ring, basic_altar
D:3:      layout_basic
D:4:      layout_rooms, lemuel_temple_firewalk_b, dreamdust_wishing_well,
          minmay_fire_ice_demons, uniq_menkaure, uniq_blork_the_orc

Skill      XL: |  1  2  3  4 |
---------------+-------------+-----
Axes           | 3 4 |  4.1
Dodging        | 3 |  3.5
Armour         | 1 |  1.0
Fighting       | |  2.4
Throwing       | |  1.9

Action                   |  1- 3 |  4- 6 || total
-------------------------+-------+-------++-------
Melee: War axe           |    86 |    84 ||   170
       Headbutt          |     5 |    16 ||    21
       Punch             |       |     1 ||     1
Throw: Throwing net      |       |     2 ||     2
 Cast: Apportation       |       |     1 ||     1
  Use: Scroll            |       |     6 ||     6
Armor: Leather armour    |    22 |    13 ||    35
Dodge: Dodged            |    66 |    77 ||   143

Table legend: (Time is in decaauts)
 A = Elapsed time spent in this place.
 B = Non-inter-level travel time spent in this place.
 C = Inter-level travel time spent in this place.
 D = Time resting spent in this place.
 E = Time spent auto-exploring this place.
 F = Levels seen in this place.
 G = Mean time per level.
                   A        B        C        D        E       F      G
               +--------+--------+--------+--------+--------+-----+--------+
         Total |   3251 |   3052 |    199 |    105 |   2328 |   4 |  812.8 |
       Dungeon |   3251 |   3052 |    199 |    105 |   2328 |   4 |  812.8 |
               +--------+--------+--------+--------+--------+-----+--------+

Top non-repeatable levels by time:
     D:1: 1527 daAuts
     D:3: 1036 daAuts
     D:2: 661 daAuts
     D:4: 25 daAuts
